 Dungeon Crawl Stone Soup version 0.31-a0-1547-g618ab1f346 (webtiles) character file.

Game seed: 11307857058699532600

377298 Flugslaktarn the Slayer (level 21, 0/216 HPs)
             Began as a Minotaur Fighter on Jan 2, 2024.
             Was an Elder of Cheibriados.
             Slain by a black draconian knight
             ... wielding a +2 long sword of holy wrath
             ... led by a black draconian knight
              (13 damage)
             ... on level 5 of the Realm of Zot.
             The game lasted 00:26:00 (38295 turns).

Flugslaktarn the Slayer (Minotaur Fighter)         Turns: 38295, Time: 00:26:01

Health: 0/216      AC: 30    Str: 39    XL:     21   Next: 47%
Magic:  34/38      EV: 26    Int: 13    God:    Cheibriados [****..]
Gold:   2531       SH: 24    Dex: 23    Spells: 20/20 levels left

rFire   + + .        G - +5 broad axe (vamp)
rCold   + . .        Q - +0 tower shield {AC+3}
rNeg    + . .        J - +2 plate armour {rF+}
rPois   +            l - -2 hat of the Alchemist {rElec rPois rF+ rC+ rN+ Will+ rMut rCorr}
rElec   +            (no cloak)
rCorr   +            b - +2 pair of gloves "Bynig" {rPois MP+9 Int-2}
SInv    .            u - +2 pair of boots
Will    +....        a - amulet of regeneration Stlth
                     m - ring of willpower
HPRegen 1.36/turn    v - +5 ring of evasion
MPRegen 0.26/turn

%: resist mutation
@: weak-willed, marked, studying Ice Magic, very slow
A: horns 2, retaliatory headbutt
}: 3/15 runes: decaying, serpentine, silver
a: Renounce Religion, Bend Time, Temporal Distortion, Slouch


You were on level 5 of the Realm of Zot.
You worshipped Cheibriados.
Cheibriados was greatly pleased with you.
You visited 9 branches of the dungeon, and saw 45 of its levels.
You also visited: Sewer and Volcano.

You collected 4942 gold pieces.
You spent 2411 gold pieces at shops.

Inventory:

Hand Weapons
 G - a +5 vampiric broad axe (weapon)
   (You took it off a vault warden on level 5 of the Vaults)
 M - the +9 war axe "Testudinebane" {heavy, Str+8}
   (You found it on level 2 of the Swamp)

   Str+8:     It affects your strength (+8).
Missiles
 k - a throwing net
Armour
 b - the +2 pair of gloves "Bynig" (worn) {rPois MP+9 Int-2}
   (You acquired it on level 5 of the Dungeon)

   Int-2:     It affects your intelligence (-2).
   rPois:     It protects you from poison MP+9: It affects your magic capacity
   (+9).
 l - the -2 hat of the Alchemist (worn) {rElec rPois rF+ rC+ rN+ Will+ rMut rCorr}
   (You acquired it on level 5 of the Vaults)

   rF+:       It protects you from fire.
   rC+:       It protects you from cold.
   rElec:     It insulates you from electricity.
   rPois:     It protects you from poison rN+: It protects you from negative
   energy.
   Will+:     It increases your willpower.
   rCorr:     It protects you from acid and corrosion.
   rMut:      It protects you from mutation.
 u - a +2 pair of boots (worn)
   (You found it on level 8 of the Dungeon)
 D - the +2 pair of gloves of Hedge Wizardry {rElec rF+ Str-5 Int+3}
   (You found it on level 5 of the Vaults)

   Str-5:     It affects your strength (-5).
   Int+3:     It affects your intelligence (+3).
   rF+:       It protects you from fire.
   rElec:     It insulates you from electricity.
 J - a +2 plate armour of fire resistance (worn)
   (You took it off a vault guard on level 4 of the Vaults)
 Q - a +0 tower shield of protection (worn)
   (You took it off a naga warrior on level 3 of the Snake Pit)
Jewellery
 a - an amulet of regeneration (around neck)
   (You took it off an ironbound preserver on level 5 of the Vaults)
 c - a ring of protection from cold
   (You found it on level 1 of the Lair of Beasts)
 f - a ring of protection from fire
   (You took it off a vault sentinel on level 5 of the Vaults)
 i - a ring of see invisible
   (You found it on level 1 of the Dungeon)
 m - a ring of willpower (left hand)
   (You took it off a yaktaur on level 2 of the Vaults)
 v - a +5 ring of evasion (right hand)
   (You found it on level 2 of the Dungeon)
 Y - a ring of willpower
   (You took it off an ironbound preserver on level 5 of the Vaults)
Wands
 g - a wand of digging (20)
   (You found it on level 3 of the Dungeon)
 C - a wand of roots (27)
   (You found it on level 3 of the Lair of Beasts)
 E - a wand of quicksilver (26)
   (You found it on level 9 of the Dungeon)
 R - a wand of mindburst (12)
   (You found it on level 1 of the Vaults)
 T - a wand of paralysis (6)
   (You found it on level 1 of the Vaults)
Scrolls
 e - 2 scrolls of summoning
 j - 3 scrolls of immolation
 r - 26 scrolls of identify
 t - 4 scrolls of teleportation
 y - 2 scrolls of brand weapon
 H - 10 scrolls of fog
 I - 2 scrolls of fear
 K - 4 scrolls of enchant armour
 L - 4 scrolls of vulnerability
 Z - a scroll of silence
Potions
 d - 6 potions of might
 h - 5 potions of haste
 n - 2 potions of resistance
 o - 9 potions of mutation
 p - 7 potions of invisibility
 q - 9 potions of curing
 s - a potion of lignification
 w - a potion of heal wounds
 x - a potion of berserk rage
 A - 2 potions of cancellation
 N - a potion of attraction
 V - 7 potions of enlightenment
Miscellaneous
 B - a lightning rod (4/4)
   (You found it on level 11 of the Dungeon)
 F - a condenser vane
   (You found it on level 5 of the Vaults)


   Skills:
 + Level 24.8 Fighting
 - Level 18.0 Axes
 + Level 21.0 Armour
 + Level 17.1 Dodging
 + Level 19.8 Shields
 - Level 12.0 Invocations


You had 20 spell levels left.
You didn't know any spells.
Your spell library contained the following spells:

 Spells                   Type           Power      Damage    Failure   Level
 Apportation              Tloc           0%         N/A       77%         1
 Kiss of Death            Conj/Necr      0%         2d5       77%         1
 Magic Dart               Conj           0%         1d3       77%         1
 Necrotise                Necr           0%         1d4       77%         1
 Slow                     Hex            0%         N/A       77%         1
 Sting                    Conj/Alch      0%         1d3       77%         1
 Summon Small Mammal      Summ           0%         N/A       77%         1
 Blink                    Tloc           0%         N/A       88%         2
 Call Imp                 Summ           0%         N/A       88%         2
 Cigotuvi's Dreadful Rot  Necr/Alch/Air  0%         N/A       88%         2
 Lesser Beckoning         Tloc           0%         N/A       88%         2
 Momentum Strike          Conj/Tloc      0%         3d8       88%         2
 Static Discharge         Conj/Air       0%         3-3/arc   88%         2
 Sublimation of Blood     Necr           0%         N/A       88%         2
 Call Canine Familiar     Summ           0%         N/A       98%         3
 Confusing Touch          Hex            0%         N/A       98%         3
 Fugue of the Fallen      Necr           0%         N/A       98%         3
 Gell's Gravitas          Tloc           0%         N/A       98%         3
 Ozocubu's Armour         Ice            0%         N/A       98%         3
 Sigil of Binding         Hex            0%         N/A       98%         3
 Stone Arrow              Conj/Erth      0%         3d7       98%         3
 Teleport Other           Tloc           0%         N/A       98%         3
 Vampiric Draining        Necr           0%         2d6       98%         3
 Airstrike                Air            0%         2d(0-16)  100%        4
 Animate Armour           Summ/Erth      0%         N/A       100%        4
 Animate Dead             Necr           0%         N/A       100%        4
 Brom's Barrelling Bould  Conj/Erth      0%         2d3       100%        4
 Cause Fear               Hex            0%         N/A       100%        4
 Dimensional Bullseye     Hex/Tloc       0%         N/A       100%        4
 Dispel Undead            Necr           0%         3d6       100%        4
 Manifold Assault         Tloc           0%         N/A       100%        4
 Martyr's Knell           Necr/Summ      0%         N/A       100%        4
 Olgreb's Toxic Radiance  Alch           0%         N/A       100%        4
 Summon Blazeheart Golem  Fire/Summ      0%         N/A       100%        4
 Summon Lightning Spire   Summ/Air       0%         N/A       100%        4
 Curse of Agony           Necr           0%         N/A       100%        5
 Fireball                 Conj/Fire      0%         3d3       100%        5
 Iskenderun's Battlesphe  Conj           0%         2d6       100%        5
 Conjure Ball Lightning   Conj/Air       0%         3x3d6     100%        6
 Death Channel            Necr           0%         N/A       100%        6
 Dispersal                Tloc           0%         N/A       100%        6
 Haunt                    Necr/Summ      0%         N/A       100%        7
 Orb of Destruction       Conj           0%         9d5       100%        7
 Ozocubu's Refrigeration  Ice            0%         4d7       100%        7
 Spellforged Servitor     Conj/Summ      0%         N/A       100%        7
 Summon Hydra             Summ           0%         N/A       100%        7
 Borgnjor's Revivificati  Necr           0%         N/A       100%        8
 Discord                  Hex            0%         N/A       100%        8
 Infestation              Necr           0%         N/A       100%        8
 Lehudib's Crystal Spear  Conj/Erth      0%         10d2      100%        8
 Dragon's Call            Summ           0%         N/A       100%        9


Dungeon Overview and Level Annotations

Branches:
Dungeon (15/15)            Temple (1/1) D:4            Lair (5/5) D:11
  Swamp (4/4) Lair:3        Snake (4/4) Lair:3        Slime (0/5) Lair:4
    Orc (2/2) D:9             Elf (0/3) Orc:2        Vaults (5/5) D:14
 Depths (4/4) D:15            Zot (5/5) Depths:4      Sewer (visited)
Volcano (visited)
  Crypt: Vaults:2-3

Altars:
Ashenzari
Cheibriados
Dithmenos
Elyvilon
Fedhas
Gozag
Hepliaklqana
Kikubaaqudgha
Makhleb
Nemelex Xobeh
Okawaru
Qazlal
Ru
Sif Muna
Trog
Uskayaw
Vehumet
Wu Jian
Xom
Yredelemnul
Zin
The Shining One

Shops:
D:10 **   D:12 [   D:15 ?**   Orc:1 *   Orc:2 (*::   Snake:2 ?   Vaults:5 ?

Portals:
Hell: Depths:1 Depths:2

Annotations:
D:9 exclusion: orange crystal statue
Swamp:2 1 runed translucent door, TobyConnect's ghost, adept TrCK
Swamp:3 3 runed translucent doors, Flugslaktarn's ghost, journeyman MiFi
Snake:4 Roxanne
Zot:5 Tiamat


Innate Abilities, Weirdness & Mutations

You have a pair of horns on your head.
You reflexively headbutt those who attack you in melee.


Message History

Blink to where?
Press: ? - help, Dir - move target 8 Orb Guardians come into view.
Found the Orb of Zot.
As you read the scroll of blinking, it crumbles to dust.
You hear a roar! x6; You hear a shout!
You hear a roar! x4
The Orb Guardian misses you. You furiously retaliate!
You headbutt the Orb Guardian!! You block the Orb Guardian's attack. x2
The Orb Guardian hits you!!
* * * LOW HITPOINT WARNING * * *
Unknown command.
You feel much better.
The Orb Guardian disappears!
The Orb Guardian hits you!
* * * LOW HITPOINT WARNING * * *
The Orb Guardian barely misses you. You block the Orb Guardian's attack. x2
The Orb Guardian hits you.
* * * LOW HITPOINT WARNING * * *
The Orb Guardian completely misses you.
The Orb Guardian disappears!
The Orb Guardian reappears nearby!
You are too injured to fight recklessly!
You are too injured to fight recklessly!
You slash the Orb Guardian!
The Orb Guardian is lightly wounded.
You hit the Orb Guardian but do no damage.
You closely miss the Orb Guardian. x2; You slice the Orb Guardian!!
You feel better. You block the Orb Guardian's attack. x2
The Orb Guardian fails to trigger a net trap.
You block the Orb Guardian's attack. The Orb Guardian misses you.
The Orb Guardian hits you but does no damage.
You slash the Orb Guardian! You headbutt the Orb Guardian!
The Orb Guardian is moderately wounded.
You closely miss the Orb Guardian.
You hit the Orb Guardian but do no damage. x2
You hit the Orb Guardian.
The Orb Guardian disappears!
You block the Orb Guardian's attack. x2
The Orb Guardian fails to trigger a net trap.
The Orb Guardian hits you but does no damage.
You block the Orb Guardian's attack. x2; The electric golem blinks!
As you read the scroll of vulnerability, it crumbles to dust.
A wave of despondency washes over your surroundings.
You block the Orb Guardian's attack. x2; The Orb Guardian disappears!
You block the Orb Guardian's attack. x2
The Orb Guardian completely misses you.
There are monsters nearby!
As you read the scroll of fear, it crumbles to dust.
You assume a fearsome visage.
The orb of fire is unaffected.
The Orb Guardian looks frightened!
The Orb Guardian resists with some effort.
The orb of fire is unaffected.
The Orb Guardian looks frightened! x2
The moth of wrath looks frightened!
The Orb Guardian looks frightened! x2
The orb of fire is unaffected.
The electric golem is unaffected.
The Orb Guardian looks frightened! x2; The orb of fire is unaffected. x2
The Orb Guardian looks frightened! x2; The Orb Guardian is unaffected.
The black draconian knight looks frightened!
The death cob is unaffected.
The white draconian stormcaller looks frightened!
The rime drake looks frightened!
The black draconian knight gestures wildly while chanting.
The black draconian knight flickers and vanishes!
An orb of fire comes into view.
The Orb Guardian completely misses you.
The electric golem blinks!
Unknown command.
An orb of fire comes into view.
The Orb Guardian rages.
The Orb Guardian hits you!
* * * LOW HITPOINT WARNING * * *
A Killer Klown comes into view.
It is wielding a +8 club of electrocution.
The Orb Guardian hits you!!
* * * LOW HITPOINT WARNING * * *
The Orb Guardian enters a dispersal trap!
The Orb Guardian blinks! x3; The orb of fire blinks!
The Orb Guardian blinks!
The orb of fire enters a dispersal trap!
The Orb Guardian blinks! x2; The orb of fire blinks!
The Killer Klown pulls the alarm!
The alarm trap emits a blaring wail!
The mark upon you grows brighter.
The Orb Guardian blinks!
The Killer Klown blinks!
The Orb Guardian blinks! x2; The Killer Klown blinks!
You blink.
The orb of fire blinks!
The Orb Guardian blinks!
The Killer Klown blinks!
The Orb Guardian hits you!!
* * * LOW HITPOINT WARNING * * *
The purple draconian shifter gestures wildly while chanting.
The purple draconian shifter blinks!
The electric golem barely misses you. x2
You block the electric golem's attack. x2; The orb of fire moves out of view.
The Killer Klown moves out of view.
Unknown command.
Okay, then.
You are too injured to fight recklessly!
You warp the flow of time around you!
Unknown command.
Okay, then.
You are too injured to fight recklessly!
You hit the orb of fire but do no damage.
You closely miss the orb of fire. You barely miss something.
You slice the orb of fire!!
You hit the Killer Klown but do no damage.
You hit the Orb Guardian but do no damage.
You miss the orb of fire.
You hit the orb of fire but do no damage.
You hear a chilling moan.
You block the Orb Guardian's attack. Something hits you!
You die...

*****▓▓▓▓▓▓▓▓▓ .............▓▓▓▓
^...............▓▓▓ *
..................▓▓ **
...........$....d..▓ *▓▓▓▓▓▓▓* *,
...q.ddd.....qq**X.▓▓▓..§.^.X***,
......Xp.X..dqq*@*9▓▓*X....X.,**,
......q.{....yd.p*.▓§.^..§.§X,,*,
....§.dq......dyqz.*...§§§*.p,,,,
...d...d........X..▓.^...X§..,,*,
§§......q.q!.p.....▓▓..X§....,**,
.X.................▓▓▓...p..§***,
..........X......^.# *▓▓▓▓▓▓▓* *,
......^.....X.....## **
.^..............▓## *


You could see 6 orbs of fire, 2 Killer Klowns, an electric golem, 2 draconians,
a green draconian, a white draconian, 3 draconians, a death cob (weak-willed), 2
draconians, 6 Orb Guardians, a red draconian scorcher and 2 moths of wrath.

Vanquished Creatures
  2 dread liches
  An ancient lich (Vaults:5)
  Mara (Vaults:5)
  2 curse toes (Zot:1)
  Vashnia (Snake:3)
  3 caustic shrikes (Depths:4)
  A bone dragon (Depths:4)
  3 liches
  4 tentacled monstrosities
  4 titans (Vaults:5)
  A quicksilver dragon (Vaults:5)
  2 Executioners (Zot:1)
  A death cob (Zot:2)
  Kirke (Snake:1)
  Frances (Swamp:1)
  3 shadow dragons
  Aizul (Snake:3)
  6 tengu reavers
  3 storm dragons
  8 nagarajas (Snake:4)
  A draconian knight (Depths:4)
  3 deep elf sorcerers
  6 frost giants
  2 draconian monks
  4 fire giants
  A protean progenitor (Zot:3)
  4 draconian scorchers
  An iron dragon (Depths:4)
  16 vault wardens
  An orc warlord (Orc:2)
  A ghoul (Vaults:2)
  A draconian annihilator (Zot:3)
  8 ironbound preservers
  3 draconian stormcallers
  3 ironbound thunderhulks
  9 stone giants
  15 very ugly things
  A spriggan defender (Depths:1)
  2 formless jellyfish
  4 black draconians
  A vampire knight (Depths:2)
  A deep elf death mage (Vaults:5)
  Azrael (D:13)
  5 green draconians
  An eleionoma (Swamp:4)
  A white draconian (Depths:4)
  12 dire elephants (Vaults:4)
  2 purple draconians
  A red draconian (Zot:3)
  2 spark wasps (Depths:1)
  2 war gargoyles (Vaults:5)
  A bunyip (Swamp:2)
  3 yellow draconians
  10 ettins
  A shambling mangrove (Swamp:4)
  7 yaktaur captains
  3 deep elf high priests (Vaults:5)
  4 fire dragons
  4 great orbs of eyes
  A rakshasa (Depths:1)
  4 salamander tyrants (Snake:4)
  4 ice dragons
  17 hydras
  A sphinx zombie (Vaults:4)
  35 vault guards
  14 centaur warriors
  2 radroaches (Zot:3)
  A death knight (D:15)
  5 spriggan air magi
  4 ironbound frosthearts
  2 ogre magi
  5 catoblepae
  8 anacondas
  5 alligators
  4 boulder beetles
  16 naga warriors
  5 two-headed ogres
  3 tengu warriors
  3 deep troll earth magi
  8 death yaks (Lair:5)
  6 shock serpents
  8 naga sharpshooters
  A spriggan berserker (Depths:1)
  3 orc high priests (Orc:2)
  Sonja (Lair:2)
  An iron troll (Depths:1)
  12 hell knights
  A shadow wraith (Vaults:5)
  2 salamander mystics
  Amaemon (Lair:1)
  2 skeletal warriors
  Lodul (D:13)
  3 goliath frogs
  3 sea snakes (shapeshifter) (Vaults:5)
  A deep troll (shapeshifter) (Vaults:5)
  12 deep trolls
  5 spriggan druids
  9 mana vipers
  A flayed ghost (Vaults:5)
  18 ironbound convokers
  8 lindwurms
  4 naga ritualists
  7 swamp dragons
  A bog body (Swamp:4)
  8 orc knights
  3 deep elf pyromancers
  3 alligator zombies (Swamp:4)
  An elf zombie (Vaults:4)
  3 necromancers
  3 arcanists
  4 phantasmal warriors (Vaults:5)
  A wolf spider (shapeshifter) (Vaults:5)
  2 wolf spiders (Vaults:5)
  A shining eye (shapeshifter) (Depths:4)
  10 salamanders
  A cyclops (D:14)
  8 manticores
  4 orc sorcerers (Orc:2)
  A faun (shapeshifter) (Depths:1)
  21 ugly things
  16 naga magi
  4 guardian serpents
  15 elephants
  5 kobold blastminers
  6 meliai
  3 smoke demons (Volcano)
  28 black mambas
  Joseph (Lair:1)
  9 moths of wrath
  15 vault sentinels
  2 gargoyles (D:12)
  2 rime drakes (Lair:3)
  A yaktaur zombie (Vaults:4)
  15 cane toads
  2 unseen horrors (D:10)
  An orange demon (Lair:1)
  2 freezing wraiths
  A kobold demonologist (D:11)
  15 komodo dragons
  A tengu conjurer (D:14)
  15 yaktaurs
  3 trolls
  11 tyrant leeches
  Grinder (Sewer)
  11 blink frogs
  A tengu simulacrum (Vaults:4)
  2 raiju (D:11)
  A glass eye (shapeshifter) (Vaults:2)
  16 hornets
  9 dream sheep
  13 slime creatures
  A shadow (D:11)
  14 spriggans
  41 yaks
  6 water elementals (Depths:2)
  6 wyverns
  A wraith (D:15)
  A wyvern (shapeshifter) (D:15)
  2 steam dragons
  6 fire elementals (D:13)
  7 wargs
  7 hogs (Snake:1)
  6 basilisks
  11 vampire mosquitoes
  8 humans (D:14)
  53 nagas
  12 swamp worms
  13 water moccasins
  A human skeleton (Vaults:4)
  A swamp worm (shapeshifter) (Vaults:5)
  2 hell hounds (Lair:3)
  2 acid dragons
  2 hydra simulacra (Swamp:4)
  21 orc warriors
  A sky beast (D:8)
  8 swamp drakes
  A black bear (D:6)
  2 laughing skulls (D:15)
  4 boggarts (Vaults:1)
  11 centaurs
  A swamp dragon zombie (Swamp:4)
  14 ogres
  13 wolves
  6 phantoms
  3 kobold brigands
  7 scorpions
  2 gnoll sergeants
  18 bullfrogs
  4 wights (D:8)
  9 killer bees
  5 electric eels (D:11)
  6 crimson imps (D:7)
  2 quasits (Sewer)
  A bombardier beetle (D:5)
  A gnoll bouda (Lair:3)
  25 orc priests
  A hound (D:5)
  6 jellies
  5 iguanas
  2 sleepcaps
  Natasha (twice) (D:2)
  32 orc wizards
  10 gnolls
  15 adders
  5 shadow imps
  4 white imps
  3 ufetubi (Sewer)
  3 dart slugs
  3 ribbon worms
  86 orcs
  5 endoplasms
  10 giant cockroaches
  9 goblins
  6 hobgoblins
  7 jackals (D:2)
  2 quokkas
  11 ball pythons
  6 bats
  3 frilled lizards
  2 giant cockroach zombies (Sewer)
  33 kobolds
  5 rats
1400 creatures vanquished.

Vanquished Creatures (others)
  A fire giant (Depths:2)
  2 vault guards
  2 bloated husks
  An endoplasm (Sewer)
  A kobold zombie (Sewer)
7 creatures vanquished.

Grand Total: 1407 creatures vanquished

Notes
Turn   | Place    | Note
-------+----------+-------------------------------------------
     0 | D:1      | Flugslaktarn the Minotaur Fighter began the quest for the
                  | Orb.
     0 | D:1      | Reached XP level 1. HP: 19/19 MP: 0/0
   125 | D:1      | Reached XP level 2. HP: 27/27 MP: 1/1
   150 | D:1      | Reached skill level 4 in Fighting
   320 | D:1      | Reached XP level 3. HP: 33/33 MP: 2/2
   669 | D:2      | Found a faded altar of an unknown god.
   740 | D:2      | Noticed Natasha
   747 | D:2      | Killed Natasha
   748 | D:2      | Reached XP level 4. HP: 30/41 MP: 3/3
   931 | D:2      | Reached skill level 5 in Fighting
  1116 | D:2      | Noticed Natasha
  1120 | D:2      | Killed Natasha
  1121 | D:2      | Reached XP level 5. HP: 41/48 MP: 4/4
  1243 | D:3      | Found a glowing silver altar of Zin.
  1313 | D:3      | Found a glowing drain.
  1337 | Sewer    | Entered a sewer
  1455 | Sewer    | Found a burning altar of Makhleb.
  1473 | Sewer    | Reached skill level 5 in Axes
  1568 | Sewer    | Paralysed by a kobold brigand for 5 turns
  1580 | Sewer    | Reached skill level 6 in Fighting
  1580 | Sewer    | Reached XP level 6. HP: 33/57 MP: 5/5
  1679 | Sewer    | Noticed Grinder
  1686 | Sewer    | Reached skill level 5 in Armour
  1688 | Sewer    | Paralysed by Grinder for 5 turns
  1695 | Sewer    | Killed Grinder
  1696 | Sewer    | Reached XP level 7. HP: 7/64 MP: 6/6
  2145 | D:3      | Reached skill level 7 in Fighting
  2474 | D:4      | Found a staircase to the Ecumenical Temple.
  2511 | Temple   | Entered the Ecumenical Temple
  2530 | Temple   | Became a worshipper of Cheibriados the Contemplative
  2614 | D:4      | Found an iron altar of Okawaru.
  2976 | D:5      | Entered Level 5 of the Dungeon
  2985 | D:4      | Reached XP level 8. HP: 67/74 MP: 7/7
  2987 | D:4      | Reached skill level 1 in Invocations
  3064 | D:5      | Reached skill level 8 in Fighting
  3127 | D:5      | Reached * piety under Cheibriados
  3151 | D:5      | Identified the +8 rapier of Buifunk {antimagic, rN++}
  3286 | D:5      | Identified a scroll of acquirement
  3289 | D:5      | Acquired the +2 pair of gloves "Bynig" {rPois MP+9 Int-2}
  3910 | D:6      | Noticed a two-headed ogre
  3915 | D:6      | Killed a two-headed ogre
  3916 | D:6      | Reached skill level 9 in Fighting
  3916 | D:6      | Reached XP level 9. HP: 70/84 MP: 10/10
  4153 | D:6      | Reached ** piety under Cheibriados
  4356 | D:6      | Found an ornate altar of the Wu Jian Council.
  4536 | D:7      | Reached skill level 10 in Fighting
  4884 | D:7      | Reached skill level 10 in Axes
  5218 | D:8      | Reached XP level 10. HP: 94/94 MP: 12/12
  5303 | D:8      | Reached skill level 11 in Fighting
  5303 | D:8      | Reached *** piety under Cheibriados
  5305 | D:8      | Identified the +3 whip of Interdependent Arising {heavy,
                  | *Slow Str+7 SInv}
  6027 | D:8      | Identified the +0 pair of boots of Patterns {rC+}
  6418 | D:9      | Reached **** piety under Cheibriados
  6432 | D:9      | Reached skill level 5 in Invocations
  6502 | D:9      | Found a stormy altar of Qazlal.
  6508 | D:9      | Found a blossoming altar of Fedhas.
  6531 | D:9      | Found a staircase to the Orcish Mines.
  6725 | D:9      | Noticed an orange crystal statue
  7056 | D:9      | Reached skill level 5 in Shields
  7192 | D:10     | Entered Level 10 of the Dungeon
  7323 | D:10     | Reached skill level 12 in Fighting
  7480 | D:10     | Found Foitsuno's General Store.
  7570 | D:10     | Found Gaos's Profane Products.
  7577 | D:10     | Reached ***** piety under Cheibriados
  7993 | D:11     | Noticed a manticore
  7997 | D:11     | Reached XP level 11. HP: 92/104 MP: 14/14
  8131 | D:11     | Found a staircase to the Lair.
  8143 | D:11     | Noticed a soul eater
  8230 | D:11     | Noticed a two-headed ogre
  8236 | D:11     | Killed a two-headed ogre
  8713 | D:11     | Reached skill level 13 in Fighting
  9616 | D:7      | Reached ****** piety under Cheibriados
  9709 | D:7      | Found a hide-covered altar of Uskayaw.
  9755 | D:7      | Found a bloodstained altar of Trog.
 10019 | D:7      | Acquired a +2 hat of stealth
 10155 | Lair:1   | Entered Level 1 of the Lair of Beasts
 10162 | Lair:1   | Reached skill level 10 in Armour
 10347 | Lair:1   | Reached XP level 12. HP: 44/116 MP: 16/16
 10665 | Lair:1   | Noticed Joseph
 10674 | Lair:1   | Killed Joseph
 10675 | Lair:1   | Reached skill level 14 in Fighting
 11011 | Lair:1   | Noticed Amaemon
 11029 | Lair:1   | Killed Amaemon
 11506 | Lair:2   | Reached skill level 1 in Dodging
 11639 | Lair:2   | Identified the +0 robe "Qotinn" {rN+ Str+3}
 11666 | Lair:2   | Noticed Sonja
 11677 | Lair:2   | Killed Sonja
 11789 | Lair:2   | Noticed a boulder beetle
 11805 | Lair:2   | Killed a boulder beetle
 12051 | Lair:2   | Reached skill level 15 in Fighting
 12314 | Lair:2   | Noticed a boulder beetle
 12324 | Lair:2   | Killed a boulder beetle
 12530 | Lair:3   | Reached XP level 13. HP: 126/126 MP: 17/17
 12534 | Lair:3   | Reached skill level 15 in Axes
 12559 | Lair:3   | Found a staircase to the Snake Pit.
 12791 | Lair:3   | Identified the +1 orcbow of Lies {drain, rF+ Str+5 Int-5}
 12799 | Lair:3   | Found a dark tunnel.
 12810 | Volcano  | Entered a volcano
 13362 | Volcano  | Noticed a fire dragon
 13377 | Volcano  | Killed a fire dragon
 13621 | Lair:3   | Found a staircase to the Swamp.
 14112 | Lair:4   | Identified the +0 robe "Idej" {+Inv rElec Will+ Int+4}
 14426 | Lair:4   | Found a staircase to the Slime Pits.
 14429 | Lair:4   | Identified the +1 orcbow of Perversion {freeze, *Corrode
                  | rF+ Will++}
 14906 | Lair:5   | Entered Level 5 of the Lair of Beasts
 14912 | Lair:5   | Reached skill level 16 in Fighting
 15443 | Lair:5   | Reached XP level 14. HP: 94/137 MP: 19/19
 15758 | Lair:5   | Reached skill level 5 in Dodging
 15850 | Lair:5   | Reached skill level 10 in Shields
 16100 | Lair:5   | Got the Opusculum on the Productive Damned
 16444 | Orc:1    | Entered Level 1 of the Orcish Mines
 16795 | Orc:1    | Found Yshrabba's CLEARANCE SALE!.
 16803 | Orc:1    | Bought a scroll of fear for 12 gold pieces
 16872 | Orc:2    | Entered Level 2 of the Orcish Mines
 16958 | Orc:2    | Noticed an orc warlord
 16979 | Orc:2    | Killed an orc warlord
 17357 | Orc:2    | Reached skill level 17 in Fighting
 17379 | Orc:2    | Found a staircase to the Elven Halls.
 17695 | Orc:2    | Found Oxewalio's Book Shop.
 17695 | Orc:2    | Found Janeow's Weapon Emporium.
 17700 | Orc:2    | Found Hoeriu's Book Shop.
 17700 | Orc:2    | Found Repryph's General Store.
 17709 | Orc:2    | Bought a scroll of blinking for 90 gold pieces
 17709 | Orc:2    | Bought a scroll of enchant weapon for 90 gold pieces
 17963 | D:12     | Found Ylaipilu's Antique Armour Shop.
 17976 | D:12     | Bought a pair of twisted boots for 285 gold pieces
 17976 | D:12     | Identified the +0 pair of boots "Rurch" {Int+3} (You bought
                  | it in a shop on level 12 of the Dungeon)
 18739 | D:12     | Found a sparkling altar of Nemelex Xobeh.
 19014 | D:13     | Noticed Azrael
 19025 | D:13     | Noticed Lodul
 19030 | D:13     | Killed Azrael
 19037 | D:13     | Killed Lodul
 19334 | D:13     | Found a sacrificial altar of Ru.
 19371 | D:13     | Reached XP level 15. HP: 129/147 MP: 21/21
 21085 | D:14     | Found a gate to the Vaults.
 21230 | D:15     | Entered Level 15 of the Dungeon
 21238 | D:15     | Reached skill level 18 in Fighting
 21468 | D:15     | Found Huotte's Assorted Antiques.
 21487 | D:15     | Found Wixkikk's Magic Scroll Shoppe.
 21574 | D:15     | Found a shimmering blue altar of Sif Muna.
 21604 | D:15     | Reached skill level 10 in Invocations
 21907 | D:15     | Found Lucu Evu's Assorted Antiques.
 21917 | D:15     | Bought an embroidered hat for 280 gold pieces
 22216 | D:15     | Found a staircase to the Depths.
 22316 | D:15     | Bought a fine chain mail for 304 gold pieces
 22316 | D:15     | Identified the +1 chain mail of the Treeataur {rPois rC+}
                  | (You bought it in a shop on level 15 of the Dungeon)
 22316 | D:15     | Bought a dented ruby amulet for 160 gold pieces
 22332 | D:15     | Bought a scroll of brand weapon for 171 gold pieces
 22332 | D:15     | Bought a scroll of fog for 72 gold pieces
 22552 | Snake:1  | Entered Level 1 of the Snake Pit
 23168 | Snake:1  | Noticed Kirke
 23180 | Snake:1  | Killed Kirke
 23241 | Snake:1  | Reached XP level 16. HP: 152/158 MP: 22/22
 23326 | Snake:1  | Reached skill level 19 in Fighting
 23941 | Snake:4  | Entered Level 4 of the Snake Pit
 23941 | Snake:4  | Identified the granite talisman of the Twenty Coins {rC+++
                  | rCorr SInv}
 23941 | Snake:4  | Noticed Roxanne
 24128 | Snake:3  | Identified the serpent talisman of Kuts {rN+ MP-9 Str+3}
 24128 | Snake:3  | Noticed Aizul
 24145 | Snake:3  | Killed Aizul
 24369 | Snake:3  | Noticed Vashnia
 24381 | Snake:2  | Found Muysy's Magic Scroll Shop.
 24459 | Snake:2  | Bought a scroll of enchant weapon for 135 gold pieces
 24459 | Snake:2  | Bought a scroll of enchant armour for 135 gold pieces
 24899 | Snake:3  | Killed Vashnia
 25305 | Snake:4  | Reached skill level 20 in Fighting
 25464 | Snake:4  | Reached skill level 15 in Armour
 25713 | Snake:4  | Reached skill level 10 in Dodging
 26030 | Snake:4  | Reached XP level 17. HP: 171/171 MP: 24/24
 26725 | Snake:4  | Got a serpentine rune of Zot
 27286 | Swamp:1  | Entered Level 1 of the Swamp
 27331 | Swamp:1  | Noticed Frances
 27364 | Swamp:1  | Killed Frances
 27477 | Swamp:1  | Found the +9 staff of Olgreb {rPois∞}
 27585 | Swamp:1  | Identified the +4 dagger of Xehur {speed, Will+ Dex+3}
 27976 | Swamp:2  | Found a runed translucent door.
 27981 | Swamp:2  | Noticed TobyConnect's ghost (adept TrCK)
 27986 | Swamp:2  | Identified the +9 war axe "Testudinebane" {heavy, Str+8}
 28058 | Swamp:3  | Found a runed translucent gate.
 28059 | Swamp:3  | Found a runed translucent gate.
 28060 | Swamp:3  | Found a runed translucent gate.
 28061 | Swamp:3  | Noticed Flugslaktarn's ghost (journeyman MiFi)
 28094 | Swamp:4  | Entered Level 4 of the Swamp
 28114 | Swamp:4  | Reached skill level 21 in Fighting
 28824 | Swamp:4  | Got a decaying rune of Zot
 29144 | Vaults:1 | Entered Level 1 of the Vaults
 29229 | Vaults:1 | Reached XP level 18. HP: 167/182 MP: 26/26
 29259 | Vaults:1 | Reached skill level 15 in Shields
 30623 | D:15     | Bought a twisted agate ring for 160 gold pieces
 31121 | Vaults:2 | Reached skill level 22 in Fighting
 32442 | Vaults:4 | Reached XP level 19. HP: 193/193 MP: 27/27
 32464 | Vaults:5 | Entered Level 5 of the Vaults
 32469 | Vaults:5 | Noticed a dread lich
 32724 | Vaults:4 | Killed a dread lich
 33077 | Vaults:5 | Noticed a dread lich
 33079 | Vaults:5 | Paralysed by a dread lich for 4 turns
 33083 | Vaults:5 | Noticed Mara
 33293 | Vaults:5 | Reached skill level 23 in Fighting
 33297 | Vaults:5 | Noticed an ancient lich
 33300 | Vaults:5 | Identified the staff of the Two Names {rN+ Dex+3 SInv
                  | Necro}
 33419 | Vaults:5 | Killed an ancient lich
 33730 | Vaults:5 | Noticed Flugslaktarn's illusion
 33733 | Vaults:5 | Killed Mara
 33798 | Vaults:5 | Identified the +1 hand axe "Killer Bee's Death" {freeze,
                  | rElec Will- rCorr}
 33897 | Vaults:5 | Reached skill level 15 in Dodging
 33899 | Vaults:5 | Reached XP level 20. HP: 62/204 MP: 4/28
 33900 | Vaults:5 | HP: 2/204 [yaktaur captain/bolt (17)]
 33905 | Vaults:5 | HP: 5/204 [yaktaur captain/bolt (11)]
 33911 | Vaults:5 | HP: 10/201 [something (2)]
 34268 | Vaults:5 | Identified the +2 pair of gloves of Hedge Wizardry {rElec
                  | rF+ Str-5 Int+3}
 34825 | Vaults:5 | Found Bagosh's Magic Scroll Shoppe.
 34894 | Vaults:5 | Bought a scroll of enchant weapon for 127 gold pieces
 34894 | Vaults:5 | Bought a scroll of teleportation for 51 gold pieces
 34894 | Vaults:5 | Bought a scroll of teleportation for 51 gold pieces
 34894 | Vaults:5 | Bought a scroll of revelation for 127 gold pieces
 34894 | Vaults:5 | Bought a scroll of silence for 161 gold pieces
 34902 | Vaults:5 | Acquired the -2 hat of the Alchemist {rElec rPois rF+ rC+
                  | rN+ Will+ rMut rCorr}
 34902 | Vaults:5 | Found the -2 hat of the Alchemist {rElec rPois rF+ rC+ rN+
                  | Will+ rMut rCorr}
 35375 | Vaults:5 | Killed a dread lich
 35488 | Vaults:5 | Got a silver rune of Zot
 36028 | Depths:1 | Entered Level 1 of the Depths
 36175 | Depths:1 | Found a gateway to Hell.
 36217 | Depths:1 | Found a shadowy altar of Dithmenos.
 36711 | Depths:2 | Reached skill level 24 in Fighting
 37021 | Depths:3 | Identified the +0 leather armour "Donu" {Harm rF- Regen+}
 37027 | Depths:3 | Got Borgnjor's Excursus on Zombies
 37153 | Depths:4 | Entered Level 4 of the Depths
 37279 | Depths:4 | Noticed a caustic shrike
 37279 | Depths:4 | Noticed a caustic shrike
 37280 | Depths:4 | Noticed a caustic shrike
 37291 | Depths:4 | Killed a caustic shrike
 37291 | Depths:4 | Killed a caustic shrike
 37292 | Depths:4 | Killed a caustic shrike
 37481 | Depths:4 | Reached XP level 21. HP: 215/215 MP: 29/29
 37702 | Depths:4 | Found a gate to the Realm of Zot.
 37753 | Zot:1    | Entered Level 1 of the Realm of Zot
 37753 | Zot:1    | Noticed a curse toe
 37757 | Zot:1    | Noticed a curse toe
 37769 | Zot:1    | Killed a curse toe
 37771 | Zot:1    | Killed a curse toe
 38267 | Zot:5    | Entered Level 5 of the Realm of Zot
 38268 | Zot:5    | Noticed a dread lich
 38268 | Zot:5    | Found the +4 dragonskin cloak
 38268 | Zot:5    | Noticed Tiamat
 38283 | Zot:5    | Noticed an orb of fire
 38283 | Zot:5    | Noticed a Killer Klown
 38284 | Zot:5    | Noticed an orb of fire
 38284 | Zot:5    | Noticed a Killer Klown
 38284 | Zot:5    | Noticed an orb of fire
 38284 | Zot:5    | Noticed an orb of fire
 38284 | Zot:5    | Noticed an ancient lich
 38285 | Zot:5    | Noticed an orb of fire
 38293 | Zot:5    | Noticed an orb of fire
 38294 | Zot:5    | Noticed an orb of fire
 38294 | Zot:5    | Noticed a Killer Klown
 38295 | Zot:5    | Slain by a black draconian knight

Illustrated notes

Levels and vault maps discovered:
D:1:      grunt_arrival_lava_bath, layout_basic
D:2:      layout_rooms, dreamdust_ecumenical_altar_statues, minmay_surrounded,
          uniq_natasha
D:3:      layout_rooms, lemuel_round_altar, cheibrodos_sewer_entry_bend,
          nicolae_half_adder
D:4:      layout_basic, lemuel_round_altar, minmay_temple_entry_waves,
          minmay_fractal_squares_gapless_5
D:5:      layout_rooms
D:6:      layout_gridville, kennysheep_mini, minmay_manual_mess
D:7:      layout_loops_cross, mainiacjoe_overflow_paths,
          nicolae_uskayaw_murder_on_the_dancefloor, st_stairs_9,
          grunt_ministairs_5, minmay_nine_imps
D:8:      layout_basic
D:9:      layout_basic, grunt_temple_overflow_forces_of_nature,
          minmay_orc_entry_temple_small, minivault_15
D:10:     layout_stronghold, serial_shops, shop, enter_bailey_8,
          nicolae_evil_shop
D:11:     layout_irregular_city, minmay_lair_entry_grove,
          nicolae_have_a_lightning_rod
D:12:     layout_rooms, serial_co_window_serial, co_window_corner_a,
          co_window_cross_1, co_window_corner_a, co_window_corner_a,
          co_window_paths_a, co_window_corner_a, co_window_unsneaky_path_d,
          co_window_2corner, co_window_of_opportunity_b, co_window_broadway_c,
          co_window_2corner, co_window_paths_d, co_window_paths_e,
          glass_columns_a, glass_columns_a, serial_shops, shop,
          nemelex_diamond_rough_becter
D:13:     layout_irregular_city, nicolae_ru_path_of_blood, uniq_azrael,
          uniq_lodul
D:14:     layout_loops_corners, ximxim_vaults_locker_room,
          minmay_misc_feat_plants
D:15:     grunt_enter_depths_hoard, layout_long_grid, serial_shops,
          nicolae_shop_tiny_waterfront, shop, shop_fountains,
          hellmonk_sif_muna_bookshelves
Temple:   regret_index_temple_waves
Lair:1:   layout_regular_city, grunt_megastairs_3, uniq_amaemon, uniq_joseph
Lair:2:   layout_cave_pods, uniq_sonja
Lair:3:   layout_misc_corridors, minmay_swamp_entry_worms,
          minmay_snake_entry_guardpost_small, enter_volcano_3,
          dreamdust_gnoll_shepherd
Lair:4:   layout_cave_pods, dpeg_slime_entry_corner
Lair:5:   evilmike_catoblepas_cave, layout_loops_ring
Swamp:1:  layout_falls_marsh, infiniplex_staircase_pool, worms_lemuel,
          uniq_frances
Swamp:2:  layout_falls_marsh, ebering_ghost_reflecting_pool,
          nicolae_swamp_small_spring, swamp_pool_1_2
Swamp:3:  layout_basic_swamp, gammafunk_ghost_split,
          portal_ice_cave_entry_dragon, evilmike_swamp_ruin_rubble_2
Swamp:4:  swamp, layout_basic_swamp, swamp_pool_4, nicolae_swamp_necromancer_hut
Snake:1:  nicolae_snake_nest, layout_layer_cave, nrook_guardian_serpent_double,
          uniq_kirke
Snake:2:  layout_chambers, serial_shops, shop, hangedman_snake_corridor_cut,
          grunt_megastairs_4, serial_bayou_shore_b
Snake:3:  layout_rooms, serial_library_hellmonk_u_bend, nicolae_integral_box,
          uniq_vashnia, uniq_aizul
Snake:4:  minmay_snake_end_coiled, layout_cave_town, hangedman_snake_pattern,
          grunt_ministairs_11, nicolae_snake_omega, uniq_roxanne
Orc:1:    layout_caves, nicolae_shop_clearance
Orc:2:    grunt_orc_tribal_feast, layout_caves
Vaults:1: nicolae_vaults_oval_intersection, nicolae_vaults_tetromino_L_1,
          nicolae_vaults_inception_scallops, v_misc_25, v_misc_1,
          hangedman_vaults_pinch, nicolae_vaults_network_periphery,
          nicolae_vaults_trapezoid_lopsided_3,
          nicolae_vaults_shipping_containers_6, v_misc_2,
          nicolae_vaults_weapon_check, nicolae_vaults_closet_pinwheel_2,
          nicolae_vaults_theta, layout_vaults_ring
Vaults:2: nicolae_vaults_what_the_h, minmay_crypt_entry_simple_corners,
          nicolae_vaults_trapezoid_lopsided_1,
          nicolae_vaults_offset_grid_hallway_1, ontoclasm_vaults_eye,
          ontoclasm_vaults_pinch, nicolae_vaults_double_plus_1,
          nicolae_vaults_diamond_1, nicolae_vaults_tangram_1,
          nicolae_vaults_double_plus_2, vaults_room_corners,
          ontoclasm_vaults_loading_screen, layout_vaults_omnigrid, serial_shops,
          shop
Vaults:3: nicolae_vaults_tangram_1, nicolae_vaults_angled_halls,
          nicolae_vaults_diamond_1, nicolae_vaults_trapezoid_1,
          vaults_dpeg_diagonal, ontoclasm_vaults_ring_square,
          vaults_room_hallway, nicolae_vaults_little_guard_posts,
          ontoclasm_vaults_twist, nicolae_vaults_sesquioval_fish,
          grunt_vaults_hallway_short, layout_vaults_omnicross, uniq_sojobo
Vaults:4: v_misc_28, v_misc_4, nicolae_vaults_frosty_reception,
          hangedman_vaults_impose, nicolae_vaults_three_branches,
          hangedman_vaults_maws, layout_vaults_big_room
Vaults:5: serial_shops, uniq_mara
Depths:1: minmay_spriggan_fort, layout_gridlike, nicolae_titane,
          grunt_metal_band, nicolae_dithmenos_shadow_blocks,
          serial_bayou_shore_b
Depths:2: hangedman_cross_stitches, layout_cave_pools, hell_entry,
          grunt_pan_entry_in_and_out, nicolae_abyss_entry_one_way_or_another,
          gammafunk_ghost_tricky_traps, dreamdust_wishing_well,
          minmay_staircase_bubble
Depths:3: minmay_bubble_buster, layout_honeycomb, enter_ziggurat_c,
          chequers_serial_rivers_small_b, abyss_entry_flame_altar, hell_entry
Depths:4: grunt_zot_entry_bicorn, layout_gridlike, minmay_misc_feat_tower,
          pf_hell_entry_great_geh
Zot:1:    regret_index_zot_pan_timeshare, layout_misc_corridors
Zot:2:    kennysheep_room_grid, layout_onion_interference, uniq_grunn
Zot:3:    layout_onion
Zot:4:    layout_gridlike
Zot:5:    layout_twisted_circle, uniq_tiamat

Skill      XL: |  1  2  3  4  5  6  7  8  9 10 11 12 13 14 15 16 17 18 19 20 21 |
---------------+----------------------------------------------------------------+-----
Fighting       | 4 5 6 7 9 10 12 13 15 16 17 18 20 21 22 23 24 | 24.8
Axes           | 3 4 5 6 7 9 10 12 13 14 16 17 18 | 18.0
Armour         | 4 5 6 7 8 9 10 11 12 13 14 15 16 17 19 20 21 | 21.0
Invocations    | 3 4 5 6 7 8 9 10 11 12 | 12.0
Shields        | 5 7 8 9 10 12 13 14 16 17 19 | 19.8
Dodging        | 2 4 6 8 10 11 13 15 16 17 | 17.1

Action                     |  1- 3 |  4- 6 |  7- 9 | 10-12 | 13-15 | 16-18 | 19-21 || total
---------------------------+-------+-------+-------+-------+-------+-------+-------++-------
  Melee: War axe           |    59 |   105 |   290 |   506 |   757 |   390 |   218 ||  2325
         Headbutt          |    13 |    14 |    61 |   142 |   226 |   240 |   264 ||   960
         Broad axe         |       |       |       |       |    54 |   449 |   552 ||  1055
 Invoke: Slouch            |       |       |       |       |    11 |     9 |    18 ||    38
         Step From Time    |       |       |       |       |       |     1 |     3 ||     4
         Temporal Distorti |       |       |       |       |       |       |     2 ||     2
  Evoke: Wand              |       |     1 |       |     1 |       |       |     2 ||     4
         Lightning rod     |       |       |       |       |     1 |       |       ||     1
    Use: Potion            |       |     2 |     2 |       |       |     2 |    20 ||    26
         Scroll            |       |       |    13 |     9 |     9 |     5 |    26 ||    62
   Stab: Petrified         |       |       |       |       |     3 |       |       ||     3
         Petrifying        |       |       |       |       |     1 |       |       ||     1
         Paralysed         |       |       |       |       |       |       |     3 ||     3
 Armour: Scale mail        |    55 |   149 |    78 |       |       |       |       ||   282
         Chain mail        |       |       |    98 |   356 |   509 |   404 |   215 ||  1582
         Plate armour      |       |       |       |       |       |       |   335 ||   335
  Dodge: Dodged            |    41 |    99 |   141 |   227 |   538 |   628 |   540 ||  2214
  Block: Buckler           |    15 |    34 |    60 |       |       |       |       ||   109
         Kite shield       |       |       |     7 |   330 |   711 |   348 |       ||  1396
         Tower shield      |       |       |       |       |       |   745 |  1010 ||  1755

Table legend: (Time is in decaauts)
 A = Elapsed time spent in this place.
 B = Non-inter-level travel time spent in this place.
 C = Inter-level travel time spent in this place.
 D = Time resting spent in this place.
 E = Time spent auto-exploring this place.
 F = Levels seen in this place.
 G = Mean time per level.
                   A        B        C        D        E       F      G
               +--------+--------+--------+--------+--------+-----+--------+
         Total |  56090 |  50426 |   5664 |   5447 |  36405 |  47 | 1193.4 |
       Dungeon |  21418 |  18804 |   2614 |   1024 |  15328 |  15 | 1427.9 |
        Temple |     43 |      3 |     40 |      0 |      0 |   1 |   43.0 |
          Lair |   9214 |   8421 |    793 |    449 |   6966 |   5 | 1842.8 |
         Swamp |   2564 |   2266 |    298 |    265 |   1348 |   4 |  641.0 |
     Snake Pit |   6382 |   5869 |    513 |   1287 |   3527 |   4 | 1595.5 |
  Orcish Mines |   2311 |   1997 |    314 |    199 |   1421 |   2 | 1155.5 |
        Vaults |   9288 |   8347 |    941 |   1587 |   5083 |   5 | 1857.6 |
        Depths |   2729 |   2628 |    101 |    141 |   1910 |   4 |  682.2 |
           Zot |    531 |    485 |     46 |      0 |    140 |   5 |  106.2 |
         Sewer |    657 |    657 |      0 |    179 |    287 |   1 |  657.0 |
       Volcano |    947 |    947 |      0 |    315 |    392 |   1 |  947.0 |
               +--------+--------+--------+--------+--------+-----+--------+

Top non-repeatable levels by time:
Vaults:5: 3600 daAuts
    D:14: 2443 daAuts
 Snake:4: 2416 daAuts
Vaults:4: 2274 daAuts
  Lair:1: 2222 daAuts
    D:11: 2183 daAuts
Vaults:1: 2072 daAuts
    D:12: 1984 daAuts
    D:13: 1910 daAuts
  Lair:2: 1910 daAuts
    D:15: 1866 daAuts
  Lair:5: 1854 daAuts
  Lair:4: 1799 daAuts
     D:8: 1790 daAuts
     D:9: 1755 daAuts
